 Dungeon Crawl Stone Soup version 0.28-a0-475-g7dc2aef8ca (webtiles) character file.

Game seed: 5721376335473456018

9039 Dabor the Fighter (level 11, -35/87 HPs)
             Began as a Formicid Abyssal Knight on Sept 16, 2021.
             Was a High Priest of Lugonu.
             Annihilated by a very large slime creature (55 damage)
             ... on level 11 of the Dungeon.
             The game lasted 00:28:44 (10405 turns).

Dabor the Fighter (Formicid Abyssal Knight)        Turns: 10405, Time: 00:28:45

Health: -35/87     AC: 12    Str: 27    XL:     11   Next: 67%
Magic:  17/17      EV: 13    Int: 11    God:    Lugonu [*****.]
Gold:   712        SH: 10    Dex: 10    Spells: 10/10 levels left

rFire   . . .      SeeInvis +   x - +3 war axe (venom)
rCold   . . .      Faith    .   o - +0 kite shield
rNeg    . . .      Spirit   .   B - +0 troll leather armour
rPois   .          Reflect  .   (helmet unavailable)
rElec   .          Harm     .   (no cloak)
rCorr   .          Rampage  .   w - +2 pair of gloves
Will    +....                   (no boots)
Stlth   ++........              p - amulet of regeneration
HPRegen 2.24/turn               b - +6 ring of strength
MPRegen 0.15/turn               u - +4 ring of protection

@: no status effects
A: permanent stasis, dig shafts and tunnels, antennae 3, four strong arms
a: Dig, Shaft Self, Renounce Religion, Depart the Abyss, Bend Space, Banish,
Corrupt, Enter the Abyss


You were on level 11 of the Dungeon.
You worshipped Lugonu.
Lugonu was extremely pleased with you.
You visited 1 branch of the dungeon, and saw 11 of its levels.
You visited the Abyss 1 time.
You also visited: Ossuary.

You collected 712 gold pieces.

Inventory:

Hand Weapons
 f - a +0 glaive
 x - a +3 war axe of venom (weapon)
 F - a +4 hand axe
 I - a +2 spear of venom
 N - a +2 broad axe of flaming
Missiles
 l - 14 poisoned darts
 E - 2 boomerangs
 J - 4 throwing nets
Armour
 o - a +0 kite shield (worn)
 w - a +2 pair of gloves (worn)
 B - a +0 troll leather armour (worn)
 C - a +0 plate armour
Jewellery
 b - a +6 ring of strength (left hand)
 c - a ring of protection from cold
 n - a ring of willpower
 p - an amulet of regeneration (around neck)
 u - a +4 ring of protection (right hand)
Wands
 r - a wand of flame (9)
 t - a wand of charming (5)
 D - a wand of acid (21)
 L - a wand of polymorph (5)
Scrolls
 e - a scroll of fog
 h - a scroll of holy word
 y - 2 scrolls of fear
 z - 2 scrolls of magic mapping
 H - 2 scrolls of enchant armour
Potions
 a - a potion of invisibility {unknown}
 d - a potion of mutation
 g - 2 potions of attraction
 i - a potion of ambrosia {unknown}
 j - 2 potions of degeneration {unknown}
 k - a potion of magic {unknown}
 q - 7 potions of brilliance
 s - 4 potions of curing
 v - 4 potions of berserk rage
 A - a potion of flight
 G - 2 potions of might {unknown}
 O - a potion of heal wounds
Miscellaneous
 K - a box of beasts


   Skills:
 * Level 8.7 Fighting
 * Level 7.6 Polearms
 * Level 8.2 Armour
 - Level 6.0 Dodging
 + Level 3.4 Stealth
 * Level 8.0 Shields
 + Level 8.1 Invocations
 + Level 2.9 Evocations


You had 10 spell levels left.
You didn't know any spells.
Your spell library contained the following spells:

 Spells                   Type           Power      Damage    Failure   Level
 Animate Skeleton         Necr           0%         N/A       43%         1
 Pain                     Necr           0%         1d4       43%         1
 Sting                    Tmut/Pois      0%         1d3       43%         1
 Corpse Rot               Necr/Air       N/A        N/A       58%         2
 Poisonous Vapours        Pois/Air       0%         N/A       58%         2
 Slow                     Hex            0%         N/A       58%         2
 Confusing Touch          Hex            0%         N/A       82%         3
 Frozen Ramparts          Ice            0%         1d2       82%         3
 Gell's Gravitas          Tloc           0%         N/A       82%         3
 Lesser Beckoning         Tloc           0%         N/A       82%         3
 Portal Projectile        Hex/Tloc       0%         N/A       82%         3
 Teleport Other           Tloc           0%         N/A       82%         3
 Vampiric Draining        Necr           0%         2d6       82%         3
 Ice Form                 Ice/Tmut       0%         N/A       99%         4
 Olgreb's Toxic Radiance  Pois           0%         N/A       99%         4
 Summon Ice Beast         Ice/Summ       0%         N/A       99%         4
 Blade Hands              Tmut           0%         N/A       100%        5
 Excruciating Wounds      Necr           0%         N/A       100%        5
 Freezing Cloud           Conj/Ice/Air   0%         6-21      100%        5
 Summon Forest            Summ/Tloc      0%         N/A       100%        5
 Summon Mana Viper        Hex/Summ       0%         N/A       100%        5
 Simulacrum               Ice/Necr       0%         N/A       100%        6
 Summon Cactus Giant      Summ           0%         N/A       100%        6
 Polar Vortex             Ice            0%         N/A       100%        9


Dungeon Overview and Level Annotations

Branches:
Dungeon (11/15)            Temple (0/1) D:7         Ossuary (visited)
   Lair: D:8-11         Orc: D:9-12

Altars:
Ashenzari
Cheibriados
Gozag
Kikubaaqudgha
Nemelex Xobeh
Okawaru
Sif Muna
Vehumet
Zin
Jiyva

Annotations:
D:9 3 runed translucent doors, corrupted
D:11 Zigma's ghost, novice DrTm


Innate Abilities, Weirdness & Mutations

You cannot be hasted, slowed, berserked, paralysed or teleported.
You can dig through walls and to a lower floor.
You have a pair of large antennae on your head. (SInv)
Your four strong arms can wield two-handed weapons with a shield.


Message History

The jelly quivers.
Two slime creatures merge to form a large slime creature.
Two slime creatures merge to form a very large slime creature.
Zigma's ghost swings its fists at you.
Press: ? - help, v - describe, . - travel
Here: Zigma's ghost (fire blocked by a runed translucent door)
The floor.
The jelly quivers.
The jelly jiggles.
You open the gate.
The jelly quivers.
There is a stone staircase leading up here.
You barely miss Zigma's ghost. Zigma's ghost hits you.
You barely miss Zigma's ghost. You slash the jelly!
Your hands burn!
Zigma's ghost hits you but does no damage.
The jelly hits you but does no damage.
Zigma's ghost hits you but does no damage.
You closely miss Zigma's ghost. You slash the jelly!
You kill the jelly!
Lugonu accepts your kill. Zigma's ghost closely misses you.
You barely miss Zigma's ghost. You hit the very large slime creature.
Zigma's ghost hits you!
You block the very large slime creature's attack.
You slash the very large slime creature!
The very large slime creature is lightly wounded.
You hit Zigma's ghost but do no damage. Zigma's ghost closely misses you.
The very large slime creature hits you!!
You block Zigma's ghost's attack.
You slash the very large slime creature!
The very large slime creature is poisoned.
The very large slime creature is lightly wounded.
You hit the jelly.
Your hands burn!
You hit Zigma's ghost.
The very large slime creature hits you!!!
* * * LOW HITPOINT WARNING * * *
The jelly closely misses you.
Zigma's ghost hits you but does no damage.
The very large slime creature hits you!!!
Ouch! That really hurt!
You die...

#....##...##.....>..###
+###....#.....##..........
#........'....?!#..........
#..##....'....?_#..........
+..##....'J....$#.......[..
#........#{....####...####.
#........##{{.#####...##
#........W#####........# {
#.....<..J@............#
#........J#########..[.#
#..##.....# #...##
#..##.....## #####
#.............
#.........#### #.........#
#.........# { #.........+


You could see a very large slime creature (very poisoned), a jelly and Zigma's
ghost.

Vanquished Creatures
  Harold (D:9)
  A boulder beetle (D:7)
  A two-headed ogre (D:10)
  A cyclops (D:7)
  Maggie (D:9)
  A kobold demonologist (D:9)
  5 trolls
  A wraith (D:11)
  A wyvern (D:9)
  6 yaks (D:8)
  Eustachio (D:4)
  A water moccasin (D:5)
  3 orc warriors
  A sky beast (D:7)
  An ice beast (D:6)
  A necrophage (D:7)
  An ogre (D:4)
  The ghost of Xplodonator the Stinger, an amateur NaVM (D:3)
  5 centaurs
  2 phantoms
  An elf zombie (Ossuary)
  3 bullfrogs
  2 scorpions
  2 wyvern zombies
  A gnoll sergeant (D:9)
  A water moccasin zombie (D:6)
  3 water moccasin skeletons
  9 killer bees
  A howler monkey (D:6)
  2 bullfrog zombies
  5 centaur zombies
  2 hounds
  A bullfrog skeleton (D:7)
  2 centaur skeletons
  4 orc priests
  A human zombie (Ossuary)
  2 jellies
  An iguana (D:4)
  10 orc wizards
  Ijyb (D:4)
  A killer bee zombie (D:8)
  A hound skeleton (D:5)
  2 mummies (Ossuary)
  A howler monkey zombie (D:9)
  4 adders
  8 gnolls
  A howler monkey skeleton (D:7)
  A shadow imp (D:6)
  An ufetubus (D:6)
  An adder skeleton (D:4)
  4 worms
  3 dart slugs
  40 orcs
  4 endoplasms
  3 giant cockroaches
  4 goblins
  8 hobgoblins
  3 jackals (D:1)
  7 quokkas
  6 ball pythons
  8 bats
  2 frilled lizards
  2 goblin zombies (Ossuary)
  9 hobgoblin zombies (Ossuary)
  3 jackal zombies (Ossuary)
  4 kobolds
  8 kobold zombies (Ossuary)
  9 orc zombies (Ossuary)
  5 rats
  3 rat zombies
246 creatures vanquished.

Vanquished Creatures (others)
  A boulder beetle (D:9)
  The ghost of flestrin the Reanimator, a novice DsNe (D:9)
  A deep elf knight (D:9)
  A wraith (D:9)
  2 orc wizards (D:9)
6 creatures vanquished.

Grand Total: 252 creatures vanquished

Notes
Turn   | Place    | Note
-------+----------+-------------------------------------------
     0 | Abyss:1  | Dabor the Formicid Abyssal Knight began the quest for the
                  | Orb.
     0 | Abyss:1  | Reached XP level 1. HP: 18/18 MP: 2/2
    31 | Abyss:1  | Noticed a starcursed mass
    54 | Abyss:1  | Noticed a small abomination
    55 | D:1      | Escaped the Abyss
   178 | D:1      | Reached * piety under Lugonu
   206 | D:1      | Reached skill level 1 in Dodging
   492 | D:1      | Reached XP level 2. HP: 24/24 MP: 3/3
   702 | D:1      | Reached XP level 3. HP: 6/29 MP: 4/4
  1599 | D:2      | Reached XP level 4. HP: 34/37 MP: 6/6
  2737 | D:3      | Noticed Xplodonator's ghost (amateur NaVM)
  2737 | D:3      | Found a transporter.
  2737 | D:3      | Found a transporter.
  2748 | D:3      | Reached XP level 5. HP: 39/42 MP: 7/7
  2791 | D:3      | Found an opulent altar of Gozag.
  2812 | D:3      | Reached ** piety under Lugonu
  3050 | D:3      | Reached XP level 6. HP: 45/48 MP: 8/8
  3331 | D:3      | Found a faded altar of an unknown god.
  3607 | D:3      | Noticed an angel
  3608 | D:3      | Found a glowing silver altar of Zin.
  3750 | D:3      | Killed Xplodonator's ghost
  3941 | D:4      | Reached skill level 1 in Shields
  3941 | D:4      | Reached XP level 7. HP: 55/55 MP: 10/10
  4109 | D:4      | Noticed Eustachio
  4184 | D:5      | Entered Level 5 of the Dungeon
  4414 | D:4      | Killed Eustachio
  4623 | D:4      | Found a shimmering blue altar of Sif Muna.
  4624 | D:4      | Found a snail-covered altar of Cheibriados.
  4625 | D:4      | Found a broken altar of Ashenzari.
  4626 | D:4      | Found a radiant altar of Vehumet.
  4672 | D:4      | Found an ancient bone altar of Kikubaaqudgha.
  4705 | D:4      | Reached skill level 5 in Fighting
  4965 | D:4      | Reached *** piety under Lugonu
  5136 | D:4      | Noticed Ijyb
  5151 | D:4      | Killed Ijyb
  5305 | D:4      | Reached XP level 8. HP: 37/62 MP: 11/11
  5588 | D:5      | Found an iron altar of Okawaru.
  5772 | D:5      | Reached skill level 5 in Invocations
  6342 | D:6      | Noticed a troll
  6357 | D:6      | Killed a troll
  6358 | D:6      | Reached skill level 5 in Armour
  6358 | D:6      | Reached XP level 9. HP: 28/69 MP: 13/13
  6456 | D:6      | Noticed a troll
  6469 | D:6      | Killed a troll
  6470 | D:6      | Reached skill level 5 in Polearms
  6488 | D:6      | Reached **** piety under Lugonu
  6886 | D:6      | Reached skill level 5 in Shields
  7104 | D:7      | Noticed a cyclops
  7119 | D:7      | Killed a cyclops
  7120 | D:7      | Reached XP level 10. HP: 57/77 MP: 13/15
  7149 | D:7      | Noticed a boulder beetle
  7163 | D:7      | Killed a boulder beetle
  7164 | D:7      | Reached skill level 5 in Dodging
  7343 | D:7      | Found a sand-covered staircase.
  7353 | Ossuary  | Entered an ossuary
  7513 | Ossuary  | Reached ***** piety under Lugonu
  7648 | D:7      | Found a staircase to the Ecumenical Temple.
  8168 | D:8      | Reached skill level 1 in Stealth
  8346 | D:8      | Found a sparkling altar of Nemelex Xobeh.
  8429 | D:8      | Reached skill level 1 in Evocations
  8460 | D:8      | Reached XP level 11. HP: 82/86 MP: 16/16
  8861 | D:9      | Noticed Harold
  8893 | D:9      | Killed Harold
  8945 | D:9      | Found a runed translucent gate.
  8946 | D:9      | Found a runed translucent gate.
  8946 | D:9      | Found an opulent altar of Gozag.
  8947 | D:9      | Found a runed translucent gate.
  8949 | D:9      | Noticed a boulder beetle
  8949 | D:9      | Noticed a deep elf knight
  8949 | D:9      | Noticed flestrin's ghost (novice DsNe)
  8952 | D:9      | Corrupted D:9
  8952 | D:9      | Noticed a starcursed mass
  8952 | D:9      | Noticed a death drake
  8952 | D:9      | Noticed a worldbinder
  8953 | D:9      | Noticed a thrashing horror
  8953 | D:9      | Noticed a lorocyproca
  8954 | D:9      | Noticed a worldbinder
  8954 | D:9      | Noticed a starcursed mass
  8958 | D:9      | Killed a boulder beetle
  8960 | D:9      | Noticed a starcursed mass
  8961 | D:9      | Noticed a necromancer
  8961 | D:9      | Noticed a thrashing horror
  8962 | D:9      | Noticed a necromancer
  8962 | D:9      | Killed flestrin's ghost
  8963 | D:9      | Noticed a deep elf pyromancer
  8964 | D:9      | Noticed a deep elf pyromancer
  8966 | D:9      | Noticed a deep elf pyromancer
  8966 | D:9      | Killed a deep elf knight
  9268 | D:9      | Noticed Maggie
  9278 | D:9      | Killed Maggie
  9443 | D:10     | Entered Level 10 of the Dungeon
  9443 | D:10     | Noticed a two-headed ogre
  9455 | D:10     | Killed a two-headed ogre
 10302 | D:11     | Found a runed translucent gate.
 10302 | D:11     | Found a runed translucent gate.
 10302 | D:11     | Found a runed translucent gate.
 10305 | D:11     | Noticed Zigma's ghost (novice DrTm)
 10390 | D:11     | Found a viscous altar of Jiyva.
 10405 | D:11     | Annihilated by a very large slime creature

Illustrated notes

Levels and vault maps discovered:
D:1:      onia_arrival_pyramid, layout_rooms, serial_glass, glass_columns_b,
          glass_columns_c
D:2:      layout_loops_ring, minmay_pentomino_v4
D:3:      layout_rooms, lemuel_tele_altar, zin_angel,
          chequers_ecumenical_altar_simple, gammafunk_ghost_arena
D:4:      layout_basic, mainiacjoe_overflow_alcove_3, kennysheep_mini_moat,
          uniq_eustachio, uniq_ijyb
D:5:      layout_loops_ring, okawaru_trees_1
D:6:      minmay_opposing_rooms, layout_loops_ring
D:7:      layout_loops_ring, minmay_temple_entry_hall, enter_ossuary_3,
          hangedman_decor_lopped, minmay_three_doors
D:8:      layout_basic, nemelex_diamond_rough_becter
D:9:      layout_roguey, ebering_ghost_gozag,
          hangedman_abyss_or_decor_lesser_grid, uniq_harold, uniq_maggie
D:10:     layout_long_grid
D:11:     minmay_shrinking_squares, layout_gridville, dpeg_oklobed_lair,
          david_orc_4, gammafunk_ghost_ooze

Skill      XL: |  1  2  3  4  5  6  7  8  9 10 11 |
---------------+----------------------------------+-----
Dodging        | 1 2 3 4 5 6 |  6.0
Invocations    | 3 4 5 6 7 8 |  8.1
Armour         | 3 4 5 6 7 8 |  8.2
Fighting       | 4 5 6 7 8 |  8.7
Polearms       | 3 4 5 6 7 |  7.6
Shields        | 1 2 3 5 6 8 |  8.0
Stealth        | 1 3 |  3.4
Evocations     | 1 2 |  2.9

Action                   |  1- 3 |  4- 6 |  7- 9 | 10-12 || total
-------------------------+-------+-------+-------+-------++-------
Melee: Spear             |    81 |       |       |       ||    81
       Whip              |    15 |   168 |   163 |       ||   346
       War axe           |       |       |   184 |   355 ||   539
       Hand axe          |       |       |     4 |       ||     4
       Glaive            |       |       |       |     6 ||     6
Throw: Dart              |       |       |     8 |     6 ||    14
       Throwing net      |       |       |       |     1 ||     1
Invok: Depart the Abyss  |     1 |       |       |       ||     1
       Bend Space        |       |       |     1 |     2 ||     3
       Corrupt           |       |       |       |     1 ||     1
 Abil: Dig               |       |       |    12 |    11 ||    23
Evoke: Wand              |       |       |     3 |       ||     3
  Use: Scroll            |     3 |       |     4 |     9 ||    16
       Potion            |       |       |     1 |       ||     1
Armor: Leather armour    |    20 |    12 |       |       ||    32
       Ring mail         |       |    53 |   109 |       ||   162
       Troll leather arm |       |       |    55 |   153 ||   208
Dodge: Dodged            |    42 |    94 |   174 |   237 ||   547
Block: Kite shield       |       |    10 |   163 |   207 ||   380

Table legend: (Time is in decaauts)
 A = Elapsed time spent in this place.
 B = Non-inter-level travel time spent in this place.
 C = Inter-level travel time spent in this place.
 D = Time resting spent in this place.
 E = Time spent auto-exploring this place.
 F = Levels seen in this place.
 G = Mean time per level.
                   A        B        C        D        E       F      G
               +--------+--------+--------+--------+--------+-----+--------+
         Total |  10770 |  10239 |    531 |    603 |   6449 |  13 |  828.5 |
       Dungeon |  10395 |   9864 |    531 |    603 |   6362 |  11 |  945.0 |
         Abyss |     55 |     55 |      0 |      0 |     28 |   1 |   55.0 |
       Ossuary |    319 |    319 |      0 |      0 |     59 |   1 |  319.0 |
               +--------+--------+--------+--------+--------+-----+--------+

Top non-repeatable levels by time:
     D:4: 1441 daAuts
     D:1: 1431 daAuts
     D:2: 1256 daAuts
     D:3: 1239 daAuts
     D:5: 901 daAuts
     D:6: 888 daAuts
    D:10: 876 daAuts
     D:8: 843 daAuts
     D:7: 784 daAuts
     D:9: 625 daAuts
 Ossuary: 319 daAuts
    D:11: 107 daAuts
 Abyss:1: 55 daAuts
